 Dungeon Crawl Stone Soup version 0.31.0-11-ge490571c62 (webtiles) character file.

Game seed: 14654365779858958920

55 Arctor the Firebug (level 3, -2/19 HPs)
             Began as a Deep Elf Fire Elementalist on Feb 4, 2024.
             Slain by a gnoll
             ... wielding a +0 whip
              (3 damage)
             ... on level 2 of the Dungeon.
             The game lasted 00:03:05 (1761 turns).

Arctor the Firebug (Deep Elf Fire Elementalist)     Turns: 1761, Time: 00:03:05

Health: -2/19      AC:  3    Str:  5    XL:     3   Next: 67%
Magic:  1/10       EV: 12    Int: 21    God:
Gold:   22         SH:  4    Dex: 15    Spells: 6/9 levels left

rFire   . . .        (no weapon)
rCold   . . .        d - +0 buckler
rNeg    . . .        a - +0 robe
rPois   .            (no helmet)
rElec   .            (no cloak)
rCorr   .            (no gloves)
SInv    .            c - +0 pair of boots
Will    .....        (no amulet)
Stlth   ++           (no ring)
HPRegen 0.23/turn    (no ring)
MPRegen 0.12/turn

%: no passive effects
@: no status effects
A: no striking features
a: no special abilities


You were on level 2 of the Dungeon.
You visited 1 branch of the dungeon, and saw 2 of its levels.

You collected 22 gold pieces.

Inventory:

Armour
 a - a +0 robe (worn)
 c - a +0 pair of boots (worn)
 d - a +0 buckler (worn)
Scrolls
 g - a scroll of poison {unknown}
 h - a scroll of identify {unknown}
Potions
 b - a potion of magic
 e - a potion of brilliance {unknown}
 f - a potion of heal wounds {unknown}


   Skills:
 + Level 3.0 Dodging
 + Level 3.2 Stealth
 + Level 3.6 Spellcasting
 + Level 2.0 Conjurations
 + Level 3.7 Fire Magic


You had 6 spell levels left.
You knew the following spells:

 Your Spells              Type           Power      Damage    Failure   Level
a - Foxfire               Conj/Fire      60%        2x1d7     8%          1
b - Scorch                Fire           38%        2d6       8%          2

Your spell library contained the following spells:

 Spells                   Type           Power      Damage    Failure   Level
 Shock                    Conj/Air       32%        1d5       16%         1
 Inner Flame              Hex/Fire       11%        N/A       32%         3
 Volatile Blastmotes      Fire/Tloc      22%        2d11      32%         3
 Dazzling Flash           Conj/Hex       16%        N/A       43%         3
 Swiftness                Air            3%         N/A       58%         3
 Flame Wave               Conj/Fire      15%        2d7       58%         4
 Airstrike                Air            1%         2d(1-17)  94%         4
 Alistair's Intoxication  Alch           2%         N/A       100%        5
 Borgnjor's Vile Clutch   Necr/Erth      1%         N/A       100%        5
 Eringya's Noxious Bog    Alch           1%         4d6       100%        6
 Starburst                Conj/Fire      7%         6d4       100%        6
 Maxwell's Capacitive Co  Air            1%         ∞         100%        8


Dungeon Overview and Level Annotations

Branches:
Dungeon (2/15)

Altars:


Message History

You conjure some foxfire!
The gnoll hits you with a +0 whip!
You conjure some foxfire!
The foxfire hits the gnoll.
The gnoll is moderately wounded.
The foxfire hits the gnoll.
The gnoll is moderately wounded.
The kobold hits you but does no damage. The gnoll closely misses you.
You conjure some foxfire!
The foxfire hits the kobold.
You kill the kobold!
The foxfire hits the gnoll but does no damage.
The gnoll is moderately wounded.
The gnoll hits you with a +0 whip.
You are too injured to fight recklessly!
Unknown command.
You are too injured to fight recklessly!
Unknown command.
You are too injured to fight recklessly!
Casting: Foxfire (safe; 8% risk of failure)
Confirm with . or Enter, or press ? or * to list all spells.
Flames lash the gnoll.
The gnoll is heavily wounded.
The gnoll's fire resistance burns away.
The foxfire hits the gnoll but does no damage.
The gnoll is moderately wounded.
The foxfire hits the gnoll.
The gnoll is heavily wounded.
The gnoll closely misses you. The gnoll hits you with a +0 club.
* * * LOW HITPOINT WARNING * * *
Casting: Scorch (safe; 9% risk of failure)
Confirm with . or Enter, or press ? or * to list all spells.
Flames lash the gnoll.
The gnoll is burned terribly!
You kill the gnoll!
The gnoll hits you with a +0 whip.
* * * LOW HITPOINT WARNING * * *
Your Conjurations skill increases to level 2!
Casting: Scorch (safe; 8% risk of failure)
Confirm with . or Enter, or press ? or * to list all spells.
Flames lash the gnoll.
The gnoll is heavily wounded.
The gnoll's fire resistance burns away.
The gnoll hits you with a +0 whip.
You die...

#.# #.# .....
#K## ..... #.g#
#....# ##.#
.....#
#.#######.....#
#.##...........
#.##.........#
#..'..)@.....#
#.##...g.....#
####.....)...#
#.........#
#.........#
#.........#
#.........#
###########


You could see a gnoll (combustible).

Vanquished Creatures
  3 gnolls
  A dart slug (D:1)
  2 endoplasms
  A giant cockroach (D:1)
  3 jackals (D:1)
  2 kobolds
  2 quokkas (D:1)
  2 ball pythons (D:1)
  3 bats (D:1)
  A frilled lizard (D:1)
  A goblin (D:2)
  5 rats (D:1)
26 creatures vanquished.

Vanquished Creatures (others)
  134 foxfires
134 creatures vanquished.

Grand Total: 160 creatures vanquished

Notes
Turn   | Place    | Note
-------+----------+-------------------------------------------
     0 | D:1      | Arctor the Deep Elf Fire Elementalist began the quest for
                  | the Orb.
     0 | D:1      | Reached XP level 1. HP: 10/10 MP: 6/6
   350 | D:1      | Reached XP level 2. HP: 8/15 MP: 2/8
   353 | D:1      | Learned a level 2 spell: Scorch
  1673 | D:2      | Reached XP level 3. HP: 19/19 MP: 4/9
  1761 | D:2      | Slain by a gnoll

Illustrated notes

Levels and vault maps discovered:
D:1:      nicolae_arrival_memento_mori, layout_loops_ring
D:2:      layout_basic, basic_altar

Skill      XL: |  1  2  3 |
---------------+----------+-----
Stealth        | 3 |  3.2
Dodging        | 3 |  3.0
Conjurations   | 2 |  2.0
Spellcasting   | |  3.6
Fire Magic     | |  3.7

Action                     || total
---------------------------++-------
  Melee: Unarmed           ||     1
   Cast: Foxfire           ||    92
         Scorch            ||     5
 Armour: Robe              ||    28
  Dodge: Dodged            ||    25
  Block: Buckler           ||     2
